 Dungeon Crawl Stone Soup version 0.22-a0-351-g29664b4 (webtiles) character file.

100 JeffiDaFish the Digger (level 4, -6/24 HPs)
             Began as a Gargoyle Earth Elementalist on Apr 12, 2018.
             Mangled by an ogre
             ... wielding a +0 giant club
              (14 damage)
             ... on level 3 of the Dungeon.
             The game lasted 00:05:34 (2500 turns).

JeffiDaFish the Digger (GrEE)                       Turns: 2500, Time: 00:05:35

Health: -6/24      AC:  6    Str: 15    XL:     4   Next: 74%
Magic:  1/8        EV: 12    Int: 17    God:
Gold:   140        SH:  0    Dex: 10    Spells: 5/9 levels left

rFire    . . .     SeeInvis .   e - +0 spear
rCold    . . .     Gourm    .   (no shield)
rNeg     + . .     Faith    .   c - +0 robe
rPois    ∞         Spirit   .   (no helmet)
rElec    +         Reflect  .   (no cloak)
rCorr    .         Harm     .   g - +0 pair of gloves
MR       .....                  (no boots)
Stlth    ++........             (no amulet)
HPRegen  0.08/turn              h - +4 ring of strength
MPRegen  0.11/turn              (no ring)

@: very slightly contaminated
A: negative energy resistance 1, electricity resistance, unbreathing,
petrification resistance, rot immunity, AC +3
a: no special abilities


You were on level 3 of the Dungeon.
You were hungry.

You visited 1 branch of the dungeon, and saw 3 of its levels.

You collected 140 gold pieces.

Inventory:

Hand Weapons
 e - a +0 spear (weapon)
Missiles
 b - 33 stones (quivered)
Armour
 c - a +0 robe (worn)
 g - a +0 pair of gloves (worn)
Jewellery
 h - a +4 ring of strength (left hand)
 k - a +4 ring of strength
 m - an uncursed ring of flight {unknown}
Scrolls
 a - 4 scrolls of identify
 i - a scroll of remove curse
Potions
 f - a potion of degeneration {unknown}
 j - 2 potions of curing
Comestibles
 d - 7 rations
 l - 3 chunks of flesh


   Skills:
 - Level 0.5 Fighting
 - Level 1.2 Polearms
 - Level 1.5 Dodging
 - Level 2.1 Stealth
 + Level 3.0 Spellcasting
 - Level 0.1 Conjurations
   Level 0.7 Transmutations
 + Level 5.0 Earth Magic


You had 5 spell levels left.
You knew the following spells:

 Your Spells              Type           Power        Failure   Level  Hunger
a - Sandblast             Erth           ###...       2%          1    None
b - Stone Arrow           Conj/Erth      ##....       19%         3    ###....


Dungeon Overview and Level Annotations

Branches:
Dungeon (3/15)

Altars:
Hepliaklqana
Okawaru
Uskayaw
Wu Jian
Zin


Innate Abilities, Weirdness & Mutations

You are resistant to torment.
Your stone body is resilient. (AC +3)
You are immune to poison.
You resist negative energy. (rN+)
You are resistant to electric shocks. (rElec)
You can survive without breathing.
You are immune to petrification.
You are immune to rotting.


Message History

Casting: Stone Arrow (safe; 19% risk of failure)
Confirm with . or Enter, or press ? or * to list all spells.
Aiming: Sandblast (safe; 2% risk of failure)
Press: ? - help, Shift-Dir - straight line, f - ogre
Aim: an ogre, wielding a giant club The blast of sand hits the ogre.
The ogre is lightly wounded.
b - 34 stones The ogre barely misses you.
Casting: Sandblast (safe; 2% risk of failure)
Confirm with . or Enter, or press ? or * to list all spells.
Aiming: Sandblast (safe; 2% risk of failure)
Press: ? - help, Shift-Dir - straight line, f/p - ogre
Aim: an ogre, wielding a giant club (lightly wounded)
The blast of sand hits the ogre.
The ogre is heavily wounded.
b - 33 stones The ogre hits you with a giant club!
Ouch! That really hurt!
You die...

#...#... ... #...#...
#.. #...#... ## #.## #
#...#... .
...#.######...#...
#.#..#..............
#.#...<.............
#...................
#@#########...#..8
##O# #...#... #wr#
#.#.#... #.###
#....... #...#
#.......
#.#r########...#...
#..O.w)........#...
.....$#.###.#..#......
####...(..r....#.....8


You could see an ogre, a dart slug and a rat.

Vanquished Creatures
  3 adders
  A worm (D:3)
  A dart slug (D:2)
  2 leopard geckos
  2 orcs (D:3)
  5 giant cockroaches
  11 goblins
  7 hobgoblins
  8 jackals
  2 bats
  14 frilled lizards
  2 kobolds
  5 rats
63 creatures vanquished.

Notes
Turn   | Place    | Note
-------+----------+-------------------------------------------
     0 | D:1      | JeffiDaFish the Gargoyle Earth Elementalist began the quest for the Orb.
     0 | D:1      | Reached XP level 1. HP: 10/10 MP: 3/3
   356 | D:1      | Reached skill level 4 in Earth Magic
   484 | D:1      | Reached XP level 2. HP: 15/15 MP: 5/5
   947 | D:2      | Reached XP level 3. HP: 10/19 MP: 1/6
  1147 | D:2      | Learned a level 3 spell: Stone Arrow
  1403 | D:2      | Found a hide-covered altar of Uskayaw.
  1403 | D:2      | Found an iron altar of Okawaru.
  1404 | D:2      | Found a hazy altar of Hepliaklqana.
  1405 | D:2      | Found a glowing silver altar of Zin.
  1405 | D:2      | Found an ornate altar of the Wu Jian Council.
  1651 | D:2      | Reached skill level 1 in Polearms
  1725 | D:2      | Reached XP level 4. HP: 24/24 MP: 1/8
  2473 | D:3      | Noticed an ogre
  2498 | D:3      | Reached skill level 5 in Earth Magic
  2500 | D:3      | Mangled by an ogre

Vault maps used:
D:1:      minmay_arrival_three_doors, roderic_filled_cross, minmay_tripent
D:2:      grunt_temple_overflow_open, first_ration, minmay_lizard_pond
D:3:      wad_pebble_path, minmay_surrounded

Skill      XL: |  1  2  3  4 |
---------------+-------------+-----
Earth Magic    | 4 5 |  5.0
Polearms       | 1 |  1.2
Spellcasting   | 3 |  3.0
Fighting       | |  0.5
Dodging        | |  1.5
Stealth        | |  2.1
Conjurations   | |  0.1
Transmutations | |  0.7

Action                   |  1- 3 |  4- 6 || total
-------------------------+-------+-------++-------
Melee: Spear             |    76 |    51 ||   127
 Cast: Sandblast         |    19 |    17 ||    36
       Stone Arrow       |     6 |     2 ||     8
  Use: Scroll            |     4 |     2 ||     6
       Potion            |     4 |       ||     4
 Stab: Sleeping          |     3 |       ||     3
  Eat: Chunk             |     3 |     3 ||     6
Armor: Robe              |    14 |    19 ||    33
Dodge: Dodged            |    32 |    28 ||    60

Table legend:
 A = Spawn XP
 B = Non-spawn XP
 C = Spawn XP percentage of total XP
 D = Spawn monster count
 E = Non-spawn monster count
 F = Spawn count percentage of total count
 G = Total turns spent on level
                    A         B        C        D         E        F      G
               +---------+---------+-------+---------+---------+-------+---------
         Total |       0 |     144 |   0.0 |       0 |      63 |   0.0 |  2500
               +---------+---------+-------+---------+---------+-------+---------
           D:1 |       0 |      20 |   0.0 |       0 |      13 |   0.0 |   909
           D:2 |       0 |      73 |   0.0 |       0 |      31 |   0.0 |  1185
           D:3 |       0 |      51 |   0.0 |       0 |      19 |   0.0 |   406
               +---------+---------+-------+---------+---------+-------+---------
